 Dungeon Crawl Stone Soup version 0.28.0-53-g5a82cb258f (webtiles) character file.

Game seed: 9559065060373001541

4 Descartes the Sneak (level 1, 0/16 HPs)
             Began as an Octopode Delver on June 22, 2022.
             Slain by an orc warrior
             ... wielding a +0 hand axe
              (13 damage)
             ... on level 5 of the Dungeon.
             The game lasted 00:00:16 (69 turns).

Descartes the Sneak (Octopode Delver)                 Turns: 69, Time: 00:00:16

Health: 0/16       AC:  1    Str: 11    XL:     1   Next: 60%
Magic:  1/1        EV: 13    Int: 12    God:
Gold:   0          SH:  0    Dex: 13    Spells: 0/0 levels left

rFire   . . .      SeeInvis .   a - +0 short sword
rCold   . . .      Faith    .   (no shield)
rNeg    . . .      Spirit   .   (helmet restricted)
rPois   .          Reflect  .   (no amulet)
rElec   .          Harm     .   (no ring)
rCorr   .          Rampage  .   (no ring)
Will    .....                   (no ring)
Stlth   ++........              (no ring)
HPRegen 0.05/turn               (no ring)
MPRegen 0.07/turn               (no ring)
                                (no ring)
                                (no ring)

@: confused
A: almost no armour, amphibious, 8 rings, camouflage 1, gelatinous body 1,
(nimble swimmer 1), tentacles
a: no special abilities


You were on level 5 of the Dungeon.
You visited 1 branch of the dungeon, and saw 1 of its levels.

Inventory:

Hand Weapons
 a - a +0 short sword (weapon)
Wands
 f - a wand of digging (3)
Scrolls
 b - a scroll of fog
 c - a scroll of magic mapping
 d - a scroll of fear
 g - a scroll of immolation {unknown}
Potions
 e - a potion of haste


   Skills:
 - Level 3.0 Fighting
 + Level 2.1 Short Blades
 + Level 2.1 Dodging
 + Level 6.7 Stealth


You couldn't memorise any spells.
You didn't know any spells.
Your spell library was empty.

Dungeon Overview and Level Annotations

Branches:
Dungeon (5/15)
 Temple: D:4-7

Altars:


Innate Abilities, Weirdness & Mutations

You cannot wear most types of armour.
You are amphibious.
You can wear up to eight rings at the same time.
Your skin changes colour to match your surroundings (Stealth+).
Your rubbery body absorbs attacks. (AC +1, EV +1)
((You are camouflaged when in or above water. (Stealth+)))
You have tentacles for arms and can constrict up to eight enemies at once.


Message History

You closely miss the orc. You grab the orc. You constrict the orc.
The orc closely misses you.
You hit the orc.
The orc is heavily wounded.
You constrict the orc. The orc misses you.
You hit the orc.
You kill the orc!
The orc warrior shouts!
The orc wizard shouts!
The orc wizard points at you and mumbles some strange words.
You are confused.
A shadow imp comes into view.
You are too confused!
You are too confused!
You are too confused!
You are too confused!
You are too confused!
You are too confused!
You are too confused!
You are too confused!
You are too confused!
You are too confused!
You are too confused!
You are too confused!
You are too confused!
You are too confused!
You are too confused!
You are too confused!
You are too confused!
You are too confused!
Unknown command.
The sky beast flickers out of sight!
Deactivating autopickup; reactivate with Ctrl-A.
You're too confused to move!
A scorpion comes into view.
Something hits you but does no damage.
You bump into the rock wall.
The orc wizard hits you with a +0 dagger.
The orc warrior hits you with a +0 hand axe!
Ouch! That really hurt!
You die...

.... ....... ....
....... ..... .......
..... ....... ......
.......
.....5####.......
#s...o.........#...
....##o@#..##### .. .
#....#.## ##.. #..#.##.#
#.. #. #.##.##.#### #.#
#.#. ............###.#
#.#.#
#................###.#..
..##......(...(..#.#.##.
#..........##...#.##.
............#.........


You could see an orc warrior, a scorpion, an orc wizard and a shadow imp.

Vanquished Creatures
  2 orcs (D:5)
2 creatures vanquished.

Notes
Turn   | Place    | Note
-------+----------+-------------------------------------------
     0 | D:5      | Descartes the Octopode Delver began the quest for the Orb.
     0 | D:5      | Reached XP level 1. HP: 16/16 MP: 1/1
    59 | D:5      | Noticed an orc warrior
    60 | D:5      | Noticed a sky beast
    60 | D:5      | Noticed an orc wizard
    68 | D:5      | Noticed a scorpion
    69 | D:5      | Slain by an orc warrior

Illustrated notes

Levels and vault maps discovered:
D:5:      layout_rooms

Action                   || total
-------------------------++-------
Melee: Short sword       ||     4
       Constrict         ||     1
 Stab: Sleeping          ||     1
Armor: Skin              ||     1
Dodge: Dodged            ||     2
